 Dungeon Crawl Stone Soup version 0.30-a0-1074-g5db6f66fbb (webtiles) character file.

Game seed: 18046277328420518362

125938 Arzdou the Warrior (level 16, -4/111 HPs)
             Began as a Gargoyle Fighter on Apr 13, 2023.
             Was a High Priest of Okawaru.
             Slain by a tyrant leech (22 damage)
             ... called by a spriggan druid
             ... on level 3 of the Swamp.
             The game lasted 01:16:46 (29048 turns).

Arzdou the Warrior (Gargoyle Fighter)              Turns: 29048, Time: 01:16:47

Health: -4/111     AC: 36    Str: 43    XL:     16   Next: 97%
Magic:  25/25      EV:  7    Int: 11    God:    Okawaru [*****.]
Gold:   166        SH: 10    Dex:  4    Spells: 15/22 levels left

rFire   + . .      SeeInvis +    e - +8 demon whip of Ocriskorin {drain, Str+4 Int-2}
rCold   + . .      Faith    +    a - +0 kite shield "Suluaxko" {Harm Str+9 Dex-5}
rNeg    + . .      Spirit   .    S - +0 crystal plate armour of the Black Moon {rC+ SInv}
rPois   ∞          Reflect  .    x - +0 helmet of Mineycirch {Str+6}
rElec   +          Rampage  .    Y - scarf {shadows}
rCorr   .          Harm     + .  O - +2 pair of gloves {Stlth+}
Will    ++...                    B - +2 pair of boots Stlth
                                 M - amulet of faith
HPRegen 0.38/turn                I - ring of willpower
MPRegen 0.19/turn                c - ring of protection from fire

@: about to teleport, flying, studying Polearms
A: sickness immunity, AC +12, big wings, negative energy resistance 1,
electricity resistance, torment resistance 1, petrification resistance, deformed
body
a: Renounce Religion, Heroism, Finesse, Duel


You were on level 3 of the Swamp.
You worshipped Okawaru.
Okawaru was extremely pleased with you.
You visited 4 branches of the dungeon, and saw 25 of its levels.
You also visited: Sewer and Ossuary.

You collected 2309 gold pieces.
You spent 2143 gold pieces at shops.

Inventory:

Hand Weapons
 e - the +8 demon whip of Ocriskorin (weapon) {drain, Str+4 Int-2}
   (You acquired it on level 5 of the Dungeon)

   Str:       It affects your strength (+4).
   Int:       It affects your intelligence (-2).
Armour
 a - the +0 kite shield "Suluaxko" (worn) {Harm Str+9 Dex-5}
   (You bought it in a shop on level 2 of the Orcish Mines)

   Str:       It affects your strength (+9).
   Dex:       It affects your dexterity (-5).
   Harm:      It increases damage dealt and taken.
 b - a +7 plate armour of cold resistance
 u - a +0 helmet
 x - the +0 helmet of Mineycirch (worn) {Str+6}
   (Okawaru gifted it to you on level 15 of the Dungeon)

   Str:       It affects your strength (+6).
 A - the +0 chain mail "Cacze" {rElec}
   (You found it on level 13 of the Dungeon)

   rElec:     It insulates you from electricity.
 B - a +2 pair of boots (worn)
 D - a +0 kite shield
 O - a +2 pair of gloves of stealth (worn)
 S - the +0 crystal plate armour of the Black Moon (worn) {rC+ SInv}
   (Okawaru gifted it to you on level 1 of the Swamp)

   rC:        It protects you from cold.
   SInv:      It lets you see invisible.
 W - a +2 pair of gloves of dexterity
 Y - a scarf of shadows (worn)
Magical Staves
 r - a staff of earth
Jewellery
 c - a ring of protection from fire (right hand)
 g - the amulet of Ipyat {Acrobat rC++ Will+ Str+3 Int-5}
   (You found it on level 14 of the Dungeon)

   [amulet of the acrobat]

   It increases your evasion while moving and waiting.
   Str:       It affects your strength (+3).
   Int:       It affects your intelligence (-5).
   rC:        It greatly protects you from cold.
   Will:      It increases your willpower.
 h - a ring of ice
 H - a ring of see invisible
 I - a ring of willpower (left hand)
 M - an amulet of faith (around neck)
 P - a +4 ring of protection
Wands
 l - a wand of flame (73)
 n - a wand of iceblast (17)
 v - a wand of polymorph (6)
 y - a wand of paralysis (29)
 E - a wand of digging (3)
 G - a wand of acid (9)
 N - a wand of mindburst (13)
Scrolls
 d - a scroll of acquirement
 j - 8 scrolls of identify
 k - 8 scrolls of teleportation
 q - 5 scrolls of fog
 z - a scroll of butterflies
 C - 6 scrolls of fear
 F - 3 scrolls of enchant weapon
 K - 4 scrolls of amnesia
 L - 3 scrolls of poison
 T - 2 scrolls of magic mapping
 V - 2 scrolls of silence
Potions
 f - a potion of haste
 i - 5 potions of brilliance
 m - a potion of resistance {unknown}
 o - a potion of flight {unknown}
 p - 10 potions of curing
 s - 3 potions of heal wounds
 t - 3 potions of might
 w - a potion of invisibility {unknown}
 J - 3 potions of ambrosia
 R - a potion of magic
 Z - 2 potions of cancellation


   Skills:
 * Level 16.5 Fighting
 + Level 16.0 Maces & Flails
 + Level 13.2 Armour
 + Level 4.3 Dodging
 + Level 2.7 Stealth
 + Level 12.7 Shields
 * Level 3.5 Spellcasting
 * Level 5.5 Earth Magic
 * Level 12.0 Invocations


You had 15 spell levels left.
You knew the following spells:

 Your Spells              Type           Power      Damage    Failure   Level
a - Blink                 Tloc           2%         N/A       99%         2
b - Leda's Liquefaction   Hex/Erth       4%         N/A       100%        4
c - Sandblast             Erth           28%        2d8       38%         1

Your spell library contained the following spells:

 Spells                   Type           Power      Damage    Failure   Level
 Beastly Appendage        Tmut           2%         N/A       99%         1
 Foxfire                  Conj/Fire      4%         2x1d4     99%         1
 Magic Dart               Conj           4%         1d3       99%         1
 Static Discharge         Conj/Air       2%         2-3/arc   99%         2
 Wereblood                Tmut           1%         N/A       99%         2
 Frozen Ramparts          Ice            2%         1d1       100%        3
 Mephitic Cloud           Conj/Pois/Air  1%         N/A       100%        3
 Ozocubu's Armour         Ice            1%         N/A       100%        3
 Portal Projectile        Hex/Tloc       2%         N/A       100%        3
 Spider Form              Tmut/Pois      1%         N/A       100%        3
 Airstrike                Air            0%         2d(1-17)  100%        4
 Anguish                  Hex/Necr       0%         N/A       100%        4
 Cause Fear               Hex            0%         N/A       100%        4
 Ice Form                 Ice/Tmut       1%         N/A       100%        4
 Manifold Assault         Tloc           1%         N/A       100%        4
 Blade Hands              Tmut           0%         N/A       100%        5
 Fireball                 Conj/Fire      0%         3d3       100%        5
 Lee's Rapid Deconstruct  Erth           7%         3d6*      100%        5
 Metabolic Englaciation   Hex/Ice        0%         N/A       100%        5
 Yara's Violent Unravell  Hex/Tmut       0%         3d3       100%        5
 Plasma Beam              Fire/Air       0%         2x1d11    100%        6
 Starburst                Conj/Fire      0%         6d3       100%        6
 Enfeeble                 Hex            0%         N/A       100%        7
 Storm Form               Tmut/Air       0%         N/A       100%        7
 Lehudib's Crystal Spear  Conj/Erth      4%         10d3      100%        8
 Call Imp                 Summ           Unusable   N/A       N/A         2
 Tukima's Dance           Hex            Unusable   N/A       N/A         3
 Summon Ice Beast         Ice/Summ       Unusable   N/A       N/A         4
 Summon Lightning Spire   Summ/Air       Unusable   N/A       N/A         4
 Simulacrum               Ice/Necr       Unusable   N/A       N/A         6
 Statue Form              Tmut/Erth      Unusable   N/A       N/A         6

Dungeon Overview and Level Annotations

Branches:
Dungeon (15/15)            Temple (0/1) D:6            Lair (5/5) D:10
  Swamp (3/4) Lair:3       Spider (0/4) Lair:2        Slime (0/5) Lair:4
    Orc (2/2) D:11            Elf (0/3) Orc:2        Vaults (0/5) D:13
 Depths (0/4) D:15          Sewer (visited)         Ossuary (visited)

Altars:
Ashenzari
Elyvilon
Gozag
Okawaru
Qazlal
Trog
Uskayaw
Wu Jian
Yredelemnul
Zin
Jiyva

Shops:
D:3 *   D:9 [   D:10 [*   D:13 *   D:14 :   Orc:1 ?(*[[   Orc:2 [*:(

Annotations:
D:6 2 transporters, adept's ghost, novice TrFi
D:10 exclusions: obsidian statue and orange crystal statue
Lair:5 exclusion: obsidian statue


Innate Abilities, Weirdness & Mutations

You are immune to sickness and miasma.
Your stone body is resilient. (AC +12)
You are immune to poison.
Your large and strong wings let you fly.
You resist negative energy. (rN+)
You are resistant to electric shocks. (rElec)
You are resistant to unholy torment.
You are immune to petrification.
Armour fits poorly on your strangely shaped body.


Message History

The swamp worm is engulfed in poison gas.
The swamp worm looks as sick as possible!
The swamp worm fires a harpoon shot at you.
The harpoon shot hits you.
You are yanked forward by the harpoon shot.
The spriggan druid looks as sick as possible!
You thrash the swamp worm!!
You kill the swamp worm!
Okawaru accepts your kill.
You feel roots moving beneath the ground.
A tree reaches out and hits you! A root smacks you from below.
The spriggan druid points at you and mumbles some strange words.
You block the stone arrow. The tyrant leech bites you!!
You completely miss the tyrant leech. A tree reaches out and hits you!
You whack the tyrant leech!
The tyrant leech is moderately wounded.
You block the spriggan druid's attack.
The tyrant leech bites you but does no damage.
As you read the scroll of teleportation, it crumbles to dust.
You feel strangely unstable.
You are hit by a branch!
* * * LOW HITPOINT WARNING * * *
You block the spriggan druid's attack.
You feel much better.
You are hit by a branch!
The forest calms down.
You block the tyrant leech's attack. The spriggan druid barely misses you.
You whack the tyrant leech! You drain the tyrant leech.
The tyrant leech is heavily wounded.
The tyrant leech bites you!
* * * LOW HITPOINT WARNING * * *
You block the spriggan druid's attack.
You thrash the spriggan druid!!
With its final breath, the spriggan druid offers up its power to the beasts of the wild!
The tyrant leech is healed.
The tyrant leech seems to grow more fierce.
You kill the spriggan druid!
Okawaru accepts your kill.
You barely miss the tyrant leech.
The tyrant leech is lightly wounded.
The tyrant leech bites you!!
You die...

..~~~~~..<~~~~~~~
♣♣......♣.~~~§~~
♣♣♣♣..~...~~~~.
♣♣...[~~~~~.
♣†~.~~~~~~~
~♣♣♣♣♣....~~~~~~
~.~~~..~§..~.~~~
♣#♣♣♣#...♣♣♣♣♣♣♣
♣?.....).w@)♣♣
♣.###########)♣
xn...'..♣
######.♣♣ .♣♣ ♣


You could see a tyrant leech (strong, drained).

Vanquished Creatures
  A fenstrider witch (Swamp:2)
  Aizul (Swamp:1)
  2 orc warlords (Orc:2)
  The ghost of Layddamu the Basher, a journeyman HuFi of Okawaru (D:15)
  A bunyip (Swamp:2)
  6 eleionomae
  2 dire elephants (Lair:5)
  The ghost of Tungsten the Martial Artist, a journeyman OpTm of Makhleb (Lair:3)
  A vault guard (D:13)
  A rakshasa (D:15)
  7 hydras
  2 ghost crabs
  3 catoblepae
  5 alligators
  5 boulder beetles
  7 centaur warriors
  2 two-headed ogres
  3 orc high priests
  3 death yaks (Lair:5)
  A spectral dire elephant (Lair:5)
  8 skeletal warriors
  2 skysharks
  A goliath frog (Swamp:2)
  A spectral anaconda (Lair:5)
  A glowing orange brain (D:15)
  4 spriggan druids
  3 bog bodies
  A wizard (D:15)
  2 swamp dragons
  4 necromancers (Lair:5)
  2 orc knights
  20 ugly things
  5 deep elf pyromancers
  2 orc sorcerers (Orc:2)
  A shining eye (shapeshifter) (D:13)
  3 cyclopes
  An oklob plant (Lair:4)
  A will-o-the-wisp (Swamp:2)
  5 manticores
  A dire elephant zombie (Lair:5)
  Maurice (D:12)
  34 elephants
  7 black mambas
  An ice statue (D:14)
  3 rime drakes
  8 cane toads
  2 freezing wraiths
  2 kobold demonologists
  9 komodo dragons
  An unseen horror (D:13)
  4 yaktaurs (D:15)
  A tengu conjurer (D:14)
  16 trolls
  2 polar bears
  4 hornets
  13 blink frogs
  2 tyrant leeches
  4 dream sheep (Lair:4)
  A spectral elephant (Lair:5)
  24 slime creatures
  A vampire (D:12)
  9 spriggans
  2 shadows (D:10)
  A fire bat (shapeshifter) (D:15)
  7 wyverns
  4 basilisks
  54 yaks
  2 wraiths (D:10)
  7 vampire mosquitoes
  3 steam dragons
  12 swamp worms
  2 spectral cane toads (Lair:5)
  2 wargs (Orc:2)
  4 acid dragons
  16 water moccasins
  A swamp drake (Swamp:1)
  An ice beast (D:7)
  22 orc warriors
  2 black bears
  5 ogres
  An elephant zombie (Lair:5)
  3 wolves
  A boggart (Lair:3)
  15 centaurs
  An elephant skeleton (Lair:5)
  2 phantoms
  5 kobold brigands
  13 bullfrogs
  5 gnoll sergeants
  A scorpion (D:7)
  A cane toad simulacrum (Lair:5)
  5 wights (D:10)
  6 killer bees (D:8)
  An elephant simulacrum (Lair:5)
  An electric eel (Lair:5)
  14 howler monkeys
  7 jellies
  A lava snake (D:10)
  20 orc priests
  A gnoll bouda (D:9)
  6 hounds
  3 iguanas
  19 orc wizards
  Jessica (D:3)
  2 sleepcaps
  Ijyb (D:3)
  Terence (D:2)
  A mummy (Ossuary)
  Robin (D:3)
  24 gnolls
  4 river rats
  11 adders
  2 white imps
  4 worms
  5 dart slugs
  76 orcs
  A spectral bat (Ossuary)
  5 endoplasms
  5 giant cockroaches
  12 gnoll zombies (Ossuary)
  21 goblins
  13 hobgoblins
  6 jackals
  20 kobolds
  2 quokkas
  7 ball pythons
  5 bats
  7 frilled lizards
  2 goblin simulacra (Ossuary)
  6 goblin zombies (Ossuary)
  4 hobgoblin zombies (Ossuary)
  3 kobold simulacra (Ossuary)
  6 kobold zombies (Ossuary)
  2 orc zombies (Ossuary)
  9 rats
  5 rat simulacra (Ossuary)
  2 spectral goblins (Ossuary)
  6 spectral kobolds (Ossuary)
  3 spectral rats (Ossuary)
  A bush (Lair:4)
837 creatures vanquished.

Vanquished Creatures (others)
  An unseen horror (D:13)
  A bloated husk (Swamp:2)
  4 foxfires (Swamp:2)
  21 fungi
  41 plants
  22 withered plants (Lair:5)
90 creatures vanquished.

Grand Total: 927 creatures vanquished

Notes
Turn   | Place    | Note
-------+----------+-------------------------------------------
     0 | D:1      | Arzdou the Gargoyle Fighter began the quest for the Orb.
     0 | D:1      | Reached XP level 1. HP: 14/14 MP: 1/1
   190 | D:1      | Reached XP level 2. HP: 12/19 MP: 2/2
   634 | D:2      | Reached XP level 3. HP: 24/24 MP: 3/3
   778 | D:2      | Reached XP level 4. HP: 17/29 MP: 4/4
   892 | D:2      | Noticed Terence
   918 | D:2      | Killed Terence
  1488 | D:3      | Found an opulent altar of Gozag.
  1515 | D:3      | Noticed Jessica
  1524 | D:3      | Killed Jessica
  1525 | D:3      | Reached XP level 5. HP: 33/33 MP: 5/5
  1538 | D:3      | Noticed a phantom
  1553 | D:3      | Killed a phantom
  1588 | D:3      | Noticed Ijyb
  1602 | D:3      | Killed Ijyb
  1603 | D:3      | Reached XP level 6. HP: 34/39 MP: 6/6
  1712 | D:3      | Found Xouwiorgh's General Store.
  1782 | D:3      | Noticed Robin
  1793 | D:3      | Killed Robin
  1806 | D:3      | Found an iron altar of Okawaru.
  1808 | D:3      | Identified the +0 robe of the Volcano {Will+ Archmagi}
  1893 | D:3      | Became a worshipper of Warmaster Okawaru
  2129 | D:3      | Found a glowing drain.
  2150 | Sewer    | Entered a sewer
  2280 | Sewer    | Reached skill level 5 in Maces & Flails
  2280 | Sewer    | Reached XP level 7. HP: 29/44 MP: 7/7
  3745 | D:4      | Reached skill level 5 in Armour
  4099 | D:4      | Reached skill level 5 in Fighting
  4117 | D:4      | Reached * piety under Okawaru
  4177 | D:5      | Entered Level 5 of the Dungeon
  4199 | D:5      | Identified a scroll of acquirement
  4199 | D:5      | Acquired the +8 demon whip of Ocriskorin {drain, Str+4
                  | Int-2}
  4244 | D:5      | Reached XP level 8. HP: 46/49 MP: 8/8
  5274 | D:6      | Found a transporter.
  5275 | D:6      | Noticed adept's ghost (novice TrFi)
  5281 | D:6      | Found a transporter.
  5305 | D:6      | Found a staircase to the Ecumenical Temple.
  5331 | D:6      | Reached ** piety under Okawaru
  5665 | D:6      | Reached XP level 9. HP: 54/54 MP: 9/9
  6196 | D:7      | Reached skill level 1 in Dodging
  6261 | D:7      | Reached skill level 10 in Maces & Flails
  6261 | D:7      | Reached skill level 1 in Stealth
  6273 | D:7      | Reached *** piety under Okawaru
  6274 | D:7      | Reached skill level 5 in Shields
  6449 | D:7      | Reached **** piety under Okawaru
  6450 | D:7      | Reached XP level 10. HP: 57/60 MP: 10/10
  6805 | D:7      | Reached skill level 1 in Invocations
  7069 | D:8      | Noticed a boulder beetle
  7125 | D:8      | Killed a boulder beetle
  7375 | D:8      | Found a white marble altar of Elyvilon.
  7430 | D:8      | Found a basalt altar of Yredelemnul.
  7638 | D:8      | Found a sand-covered staircase.
  7678 | Ossuary  | Entered an ossuary
  8652 | D:9      | Found Bafir's Armour Shoppe.
  8705 | D:9      | Reached XP level 11. HP: 55/67 MP: 11/13
  9038 | D:9      | Found a stormy altar of Qazlal.
  9051 | D:9      | Found a glowing silver altar of Zin.
  9382 | D:10     | Entered Level 10 of the Dungeon
  9577 | D:10     | Reached ***** piety under Okawaru
  9666 | D:10     | Found Ziugitt's Antique Armour Emporium.
  9673 | D:10     | Bought a pair of embroidered gloves for 165 gold pieces
  9718 | D:10     | Noticed an obsidian statue
  9737 | D:10     | Found Feluxyk's Assorted Antiques.
  9760 | D:10     | Received a gift from Okawaru
 10443 | D:10     | Found a staircase to the Lair.
 10582 | D:10     | Noticed an orange crystal statue
 10698 | D:10     | Found a broken altar of Ashenzari.
 10698 | D:10     | Found an ornate altar of the Wu Jian Council.
 10992 | D:11     | Found a staircase to the Orcish Mines.
 11584 | D:12     | Noticed a deep elf pyromancer
 11584 | D:12     | Noticed a boulder beetle
 11615 | D:11     | Killed a boulder beetle
 11616 | D:11     | Reached skill level 5 in Invocations
 11912 | Lair:1   | Entered Level 1 of the Lair of Beasts
 12036 | Lair:1   | Identified the +8 chain mail of the Tundras {Int+5 Stlth-}
                  | (Okawaru gifted it to you on level 1 of the Lair of Beasts)
 12036 | Lair:1   | Received a gift from Okawaru
 12051 | Lair:1   | Reached XP level 12. HP: 48/74 MP: 16/16
 12997 | Lair:2   | Noticed a five-headed hydra
 13068 | Lair:2   | Killed a five-headed hydra
 13425 | Lair:2   | Found a hole to the Spider Nest.
 13684 | Lair:3   | Noticed a four-headed hydra
 13714 | Lair:2   | Killed a four-headed hydra
 13714 | Lair:2   | Received a gift from Okawaru
 13909 | Lair:2   | Reached skill level 10 in Armour
 14305 | Lair:2   | Reached XP level 13. HP: 37/82 MP: 18/18
 14500 | Lair:2   | Reached skill level 10 in Fighting
 14529 | Lair:3   | Found a runed translucent door.
 14530 | Lair:3   | Noticed Tungsten's ghost (journeyman OpTm)
 14535 | Lair:3   | Identified the +4 spear "Voutt" {freeze, Str+3}
 14938 | Lair:3   | Found a staircase to the Swamp.
 15282 | Lair:4   | Found a viscous altar of Jiyva.
 15282 | Lair:4   | Found a staircase to the Slime Pits.
 15354 | Lair:4   | Received a gift from Okawaru
 16285 | Lair:5   | Entered Level 5 of the Lair of Beasts
 16792 | Lair:5   | Reached skill level 10 in Shields
 16886 | Lair:5   | Gained mutation: Your large and strong wings let you fly.
                  | [Gargoyle growth]
 16886 | Lair:5   | Reached XP level 14. HP: 91/91 MP: 20/20
 16932 | Lair:5   | Received a gift from Okawaru
 17749 | Lair:5   | Noticed a dire elephant
 17761 | Lair:5   | Killed a dire elephant
 17763 | Lair:5   | Noticed a dire elephant
 17779 | Lair:5   | Killed a dire elephant
 18003 | Lair:5   | Received a gift from Okawaru
 18386 | Lair:5   | Reached skill level 10 in Invocations
 18665 | Lair:5   | Learned a level 2 spell: Blink
 18670 | Lair:5   | Learned a level 4 spell: Leda's Liquefaction
 18979 | Orc:1    | Entered Level 1 of the Orcish Mines
 19236 | Orc:1    | Found Reqiluen's Magic Scroll Boutique.
 19256 | Orc:1    | Found a bloodstained altar of Trog.
 19340 | Orc:1    | Reached skill level 15 in Maces & Flails
 19414 | Orc:1    | Found Refiat's General Store.
 19414 | Orc:1    | Found Zumiviq's Weapon Shop.
 19423 | Orc:1    | Found Qotood's Armour Shop.
 19458 | Orc:1    | Found Vovises's Armour Shop.
 19505 | Orc:2    | Entered Level 2 of the Orcish Mines
 19505 | Orc:2    | Found a staircase to the Elven Halls.
 19949 | Orc:2    | Found Ovvainni's Book Boutique.
 20174 | Orc:2    | Noticed an orc warlord
 20216 | Orc:2    | Killed an orc warlord
 20256 | Orc:2    | Reached XP level 15. HP: 68/100 MP: 18/22
 20401 | Orc:2    | Noticed an orc warlord
 20598 | Orc:2    | Found Qoaqyom's Antique Armour Shoppe.
 20605 | Orc:2    | Found Isto's Antique Weapon Emporium.
 20618 | Orc:2    | Bought a spiked kite shield for 361 gold pieces
 20618 | Orc:2    | Identified the +0 kite shield "Suluaxko" {Harm Str+9 Dex-5}
                  | (You bought it in a shop on level 2 of the Orcish Mines)
 20828 | Orc:2    | Killed an orc warlord
 21026 | Orc:2    | Found Soamock's General Store.
 21031 | Orc:2    | Bought a +3 plate armour of cold resistance for 675 gold
                  | pieces
 21456 | D:12     | Noticed Maurice
 21465 | D:12     | Killed Maurice
 22281 | D:13     | Gained mutation: Armour fits poorly on your strangely
                  | shaped body. [a shining eye]
 22373 | D:13     | Reached ****** piety under Okawaru
 22382 | D:13     | Found a gate to the Vaults.
 22383 | D:13     | Identified the +1 short sword "Pendulum" {flame, rC+}
                  | (Okawaru gifted it to you on level 13 of the Dungeon)
 22383 | D:13     | Received a gift from Okawaru
 22483 | D:13     | Found Dutomm's Assorted Antiques.
 22485 | D:13     | Identified the +0 chain mail "Cacze" {rElec}
 22493 | D:13     | Bought a blackened garnet amulet for 150 gold pieces
 23151 | D:14     | Found Qoigeif's Book Boutique.
 23194 | D:14     | Reached skill level 15 in Fighting
 23458 | D:14     | Found a hide-covered altar of Uskayaw.
 23545 | D:14     | Received a gift from Okawaru
 23791 | D:14     | Identified the amulet of Ipyat {Acrobat rC++ Will+ Str+3
                  | Int-5}
 24103 | D:14     | Bought Roxanne's Catalogue of Mutated Terra Firma for 792
                  | gold pieces
 24105 | D:14     | Learned a level 1 spell: Sandblast
 24208 | D:15     | Entered Level 15 of the Dungeon
 24507 | D:15     | Reached skill level 1 in Earth Magic
 24736 | D:15     | Reached skill level 1 in Spellcasting
 24802 | D:15     | Reached XP level 16. HP: 101/108 MP: 21/24
 24850 | D:15     | Found a runed translucent gate.
 24850 | D:15     | Found a runed translucent gate.
 24850 | D:15     | Found a runed translucent gate.
 24851 | D:15     | Noticed Layddamu's ghost (journeyman HuFi)
 24869 | D:15     | Killed Layddamu's ghost
 24940 | D:15     | Identified the +0 helmet of Mineycirch {Str+6} (Okawaru
                  | gifted it to you on level 15 of the Dungeon)
 24940 | D:15     | Received a gift from Okawaru
 26002 | D:15     | Found a staircase to the Depths.
 26305 | Swamp:1  | Entered Level 1 of the Swamp
 26584 | Lair:3   | Killed Tungsten's ghost
 27329 | Swamp:1  | Identified the +0 crystal plate armour of the Black Moon
                  | {rC+ SInv} (Okawaru gifted it to you on level 1 of the
                  | Swamp)
 27329 | Swamp:1  | Received a gift from Okawaru
 27506 | Swamp:2  | Noticed a fenstrider witch
 27670 | Swamp:2  | Killed a fenstrider witch
 27873 | Swamp:2  | Reached skill level 5 in Earth Magic
 27897 | Swamp:2  | Noticed Aizul
 27931 | Swamp:1  | Killed Aizul
 29048 | Swamp:3  | Slain by a tyrant leech

Illustrated notes

Levels and vault maps discovered:
D:1:      dpeg_arrival_three_same_balls, layout_basic, minmay_misc_feat_rugged
D:2:      layout_loops_ring, uniq_terence
D:3:      layout_rooms, mainiacjoe_overflow_alcove_1,
          mainiacjoe_overflow_tiny_flanked, lightli_sewer_entry_pipes,
          serial_shops, shop, uniq_robin, uniq_ijyb, uniq_jessica
D:4:      layout_basic, minmay_ogre_servants
D:5:      layout_basic
D:6:      layout_basic, minmay_temple_entry_stoned_glass, gammafunk_ghost_smash
D:7:      minmay_slanted_spiral_squares, layout_loops_ring
D:8:      nicolae_cairo_tiling_large_dashed, layout_loops_corners,
          elyvilon_altar_5, lemuel_doored_altar, enter_ossuary_1
D:9:      layout_basic, mainiacjoe_overflow_catwalk_spiral, serial_shops, shop
D:10:     minmay_separated_statues, layout_cave_pods,
          nicolae_overflow_two_pavilions, lair_entry_dummy, serial_shops,
          nicolae_shop_crystal, nicolae_inconvenience_store
D:11:     layout_basic, orc_0_dummy
D:12:     layout_long_grid, minmay_misc_feat_square, uniq_maurice
D:13:     layout_cave_pools, david_vaults_5, serial_shops, shop
D:14:     layout_loops_corners, nicolae_concentric_dashed_squares_mild,
          serial_shops, nicolae_stop_n_shop_2, minivault_16,
          nicolae_uskayaw_suspiria
D:15:     gammafunk_enter_depths_forms, layout_irregular_city,
          dk_noncrumbling_3, ebering_ghost_rock_garden, minmay_circle_x
Lair:1:   layout_regular_city, lemuel_fruit_tree, serial_bayou_shore_b
Lair:2:   layout_gridlike, spider_nest_entry_web_field, patterned_corridor,
          infiniplex_staircase_pool_2
Lair:3:   layout_gridlike, skrybe_swamp_entry_bodies,
          ebering_ghost_funeral_grove
Lair:4:   layout_regular_city, nicolae_slime_entry_slimehenge,
          minmay_lair_oklob_bushes
Lair:5:   due_jungle_book, layout_long_grid, bh_autumn_forest_stairs,
          serial_bayou_shore_a, lemuel_fruit_fields
Swamp:1:  layout_basic_swamp, nicolae_swamp_fairy_circle
Swamp:2:  layout_falls_marsh, hangedman_swamp_ruin_wall, uniq_aizul
Swamp:3:  nzn_winding_woodlands_small [nzn_winding_woodlands_5x15_twine,
          nzn_winding_woodlands_center_pierced_h,
          nzn_winding_woodlands_5x15_longhouse], layout_basic_swamp,
          serial_swamp_ruin, evilmike_swamp_ruin_house_1,
          evilmike_swamp_ruin_house_4
Orc:1:    layout_caves, serial_shops, nicolae_shop_hallway_stairs,
          nicolae_shop_advertising_works [nicolae_subvault_shop_adworks],
          nicolae_shop_competitors_out_of_business, shop,
          nicolae_shop_waterfront, basic_altar
Orc:2:    grunt_orc_community_town_hall, layout_diamond_mine,
          grunt_orc_community_big_house_2, grunt_orc_community_big_house_2,
          grunt_orc_community_house_2, grunt_orc_community_house_2,
          grunt_orc_community_house_3, grunt_orc_community_house_2,
          grunt_orc_community_house_1

Skill      XL: |  1  2  3  4  5  6  7  8  9 10 11 12 13 14 15 16 |
---------------+-------------------------------------------------+-----
Fighting       | 4 5 6 7 8 9 11 13 15 16 | 16.5
Maces & Flails | 3 4 5 6 9 11 12 13 14 15 16 | 16.0
Armour         | 4 5 7 9 10 11 12 13 | 13.2
Shields        | 4 5 6 7 9 10 12 | 12.7
Dodging        | 1 2 3 4 |  4.3
Stealth        | 1 2 |  2.7
Invocations    | 2 5 7 9 10 11 12 | 12.0
Earth Magic    | 2 5 |  5.5
Spellcasting   | 1 3 |  3.5

Action                     |  1- 3 |  4- 6 |  7- 9 | 10-12 | 13-15 | 16-18 || total
---------------------------+-------+-------+-------+-------+-------+-------++-------
  Melee: Flail             |   110 |    12 |       |       |       |       ||   122
         Mace              |       |   196 |   135 |       |       |       ||   331
         Demon whip        |       |       |   148 |   652 |  1279 |   352 ||  2431
 Invoke: Heroism           |       |       |       |    14 |    18 |     8 ||    40
         Finesse           |       |       |       |     1 |     3 |     1 ||     5
    Use: Potion            |       |     1 |       |     3 |     1 |     2 ||     7
         Scroll            |       |       |    12 |    11 |     8 |     5 ||    36
   Stab: Petrifying        |       |       |       |       |       |     2 ||     2
 Armour: Chain mail        |    73 |   133 |   116 |   337 |   383 |       ||  1042
         Scale mail        |     4 |       |       |       |       |       ||     4
         Plate armour      |       |       |       |       |   211 |   118 ||   329
         Crystal plate arm |       |       |       |       |       |   138 ||   138
  Dodge: Dodged            |    59 |    78 |    93 |   207 |   309 |    92 ||   838
  Block: Buckler           |    35 |    47 |    43 |     8 |       |       ||   133
         Kite shield       |       |       |       |   306 |   458 |   152 ||   916

Table legend: (Time is in decaauts)
 A = Elapsed time spent in this place.
 B = Non-inter-level travel time spent in this place.
 C = Inter-level travel time spent in this place.
 D = Time resting spent in this place.
 E = Time spent auto-exploring this place.
 F = Levels seen in this place.
 G = Mean time per level.
                   A        B        C        D        E       F      G
               +--------+--------+--------+--------+--------+-----+--------+
         Total |  28424 |  27016 |   1408 |    595 |  20675 |  27 | 1052.7 |
       Dungeon |  15658 |  14714 |    944 |    274 |  11576 |  15 | 1043.9 |
          Lair |   7195 |   6850 |    345 |    127 |   5291 |   5 | 1439.0 |
         Swamp |   2235 |   2206 |     29 |    194 |   1581 |   3 |  745.0 |
  Orcish Mines |   2108 |   2018 |     90 |      0 |   1386 |   2 | 1054.0 |
         Sewer |    814 |    814 |      0 |      0 |    614 |   1 |  814.0 |
       Ossuary |    411 |    411 |      0 |      0 |    225 |   1 |  411.0 |
               +--------+--------+--------+--------+--------+-----+--------+

Top non-repeatable levels by time:
  Lair:5: 2101 daAuts
    D:15: 1746 daAuts
    D:10: 1629 daAuts
  Lair:4: 1430 daAuts
    D:14: 1419 daAuts
   Orc:2: 1355 daAuts
     D:4: 1322 daAuts
  Lair:2: 1231 daAuts
 Swamp:1: 1220 daAuts
  Lair:3: 1220 daAuts
  Lair:1: 1212 daAuts
     D:6: 1084 daAuts
     D:8: 1021 daAuts
 Swamp:2: 962 daAuts
    D:11: 959 daAuts
